 Dungeon Crawl Stone Soup version 0.30.0-30-g96aa6591b8 (webtiles) character file.

Game seed: 14002022343429503818

98 Peloso the Covered (level 4, 40/40 HPs)
             Began as a Minotaur Fighter on June 26, 2023.
             Got out of the dungeon alive.
             The game lasted 00:03:16 (1976 turns).

Peloso the Covered (Minotaur Fighter)               Turns: 1976, Time: 00:03:17

Health: 40/40      AC:  9    Str: 28    XL:     4   Next: 44%
Magic:  0/0        EV: 10    Int:  3    God:
Gold:   86         SH:  4    Dex: 10    Spells: 3/3 levels left

rFire   . . .        b - +4 whip of Wu Jian, Summoning {holy, +Blink rC++ rCorr MP-9}
rCold   + + .        c - +0 buckler
rNeg    . . .        p - +1 scale mail
rPois   .            (helmet restricted)
rElec   .            (no cloak)
rCorr   +            (no gloves)
SInv    +            k - +0 pair of boots
Will    .....        (no amulet) Stlth
                     (no ring)
HPRegen 0.26/turn    (no ring)
MPRegen 0.07/turn

%: no passive effects
@: no status effects
A: horns 2, retaliatory headbutt, see invisible, strong 2
a: Evoke Blink


You escaped.
You visited 1 branch of the dungeon, and saw 2 of its levels.

You collected 86 gold pieces.

Inventory:

Hand Weapons
 a - a +0 long sword
 b - the +4 whip of Wu Jian, Summoning (weapon) {holy, +Blink rC++ rCorr MP-9}
   (You found it on level 2 of the Dungeon)

   rC:        It greatly protects you from cold.
   MP:        It affects your magic capacity (-9).
   +Blink:    It lets you blink.
   rCorr:     It protects you from acid and corrosion.
Missiles
 q - 2 throwing nets (quivered)
Armour
 c - a +0 buckler (worn)
 k - a +0 pair of boots (worn)
 p - a +1 scale mail (worn)
Scrolls
 g - a scroll of fog
 i - 2 scrolls of enchant armour
 j - a scroll of identify
 r - 2 scrolls of fear
Potions
 d - a potion of might
 m - 2 potions of flight {unknown}
 o - a potion of haste {unknown}


   Skills:
 + Level 4.2 Fighting
 + Level 3.9 Long Blades
 + Level 0.1 Maces & Flails
 + Level 4.4 Armour
 + Level 0.7 Dodging
 + Level 4.2 Shields


You had 3 spell levels left.
You didn't know any spells.
Your spell library contained the following spells:

 Spells                   Type           Power      Damage    Failure   Level
 Freeze                   Ice            0%         1d3       83%         1
 Magic Dart               Conj           0%         1d3       83%         1
 Searing Ray              Conj           0%         2d4       92%         2
 Frozen Ramparts          Ice            0%         1d1       99%         3
 Hailstorm                Conj/Ice       0%         3d3       99%         3
 Ignite Poison            Fire/Tmut/Pois 0%         N/A       99%         3
 Fulminant Prism          Conj/Hex       0%         3d5       100%        4
 Sticky Flame             Conj/Fire      0%         2d3       100%        4
 Ignition                 Fire           0%         3d3       100%        8


Dungeon Overview and Level Annotations

Branches:
Dungeon (2/15)

Altars:


Innate Abilities, Weirdness & Mutations

You have a pair of horns on your head.
You reflexively headbutt those who attack you in melee.
You have supernaturally acute eyesight. (SInv)
Your muscles are very strong. (Str +8, Int/Dex -2)


Message History

You feel strangely unstable.
It was a scroll of teleportation.
As you read the scroll labelled DIOMNO COWUKH, it crumbles to dust.
You assume a fearsome visage.
Nothing appears to happen.
It was a scroll of fear.
As you read the scroll labelled IDUALE YRGHUSOGH, it crumbles to dust.
It is a scroll of identify.
l - a potion of attraction You drop a potion of attraction.
Your surroundings suddenly seem different.
As you read the scroll labelled ENABEA ATEE, it crumbles to dust.
The scroll dissolves into smoke.
It was a scroll of fog.
As you read the scroll labelled MAESUAPEPS, it crumbles to dust.
It is a scroll of enchant armour.
Your +0 scale mail glows green for a moment.
(D) Dungeon
Where to? (Enter - D:12, ? - help)
What level of the Dungeon? (default 1, ? - help)
You swap places.
You swap places.
You swap places.
Your butterfly disappears in a burst of colours! x3
You swap places.
You swap places.
Your butterfly's inner flame fades away.
Your butterfly disappears in a burst of colours! x2
There is an open door here.
Your butterfly disappears in a burst of colours!
You swap places.
Your butterfly's inner flame fades away.
You open the door.
There is an open door here.
Your butterfly disappears in a burst of colours! x2
You feel your willpower return.
Your butterfly's inner flame fades away.
There is a stone staircase leading up here.
You climb upwards.
There is a stone staircase leading down here.
There is a staircase leading out of the dungeon here.
Are you sure you want to leave the Dungeon?
This will make you lose the game!
You have escaped!

######.# ##...## #.####..#
...)...# #..#..## #.......#
######## ##.###..# ####.....
....# #..####.# #####..... ....#
#ยงยง..##.###......... ....#
#....##..##.......[. ...[#
#.[..###.##......... ########
#....###..#...)...## #......#
#.>@.#............# #......#####
######.####.....### #..........#
#....#.####.....#### #..........#
#.#.................
'..........###'####.############.
#.................#.#.# #.
#.................#.#.#### #.
#####...............#....# #.
..###.............######.# #.


There were no monsters in sight!

Vanquished Creatures
  4 gnolls (D:2)
  An adder (D:2)
  A worm (D:2)
  A dart slug (D:1)
  7 endoplasms (D:1)
  3 giant cockroaches (D:1)
  7 hobgoblins
  2 quokkas (D:2)
  2 ball pythons (D:2)
  2 bats (D:1)
  6 frilled lizards
  A goblin (D:1)
  4 kobolds
  5 rats
46 creatures vanquished.

Notes
Turn   | Place    | Note
-------+----------+-------------------------------------------
     0 | D:1      | Peloso the Minotaur Fighter began the quest for the Orb.
     0 | D:1      | Reached XP level 1. HP: 19/19 MP: 0/0
   341 | D:1      | Reached XP level 2. HP: 27/27 MP: 1/1
   777 | D:1      | Gained mutation: You have supernaturally acute eyesight.
                  | (SInv) [potion of mutation]
   777 | D:1      | Gained mutation: Your muscles are strong. (Str +4, Int/Dex
                  | -1) [potion of mutation]
   777 | D:1      | Gained mutation: Your muscles are very strong. (Str +8,
                  | Int/Dex -2) [potion of mutation]
  1063 | D:2      | Reached XP level 3. HP: 33/33 MP: 2/2
  1615 | D:2      | Identified the +4 whip of Wu Jian, Summoning {holy, +Blink
                  | rC++ rCorr MP-9}
  1695 | D:2      | Reached XP level 4. HP: 40/40 MP: 3/3
  1976 | D:$      | Got out of the dungeon alive.

Illustrated notes

Levels and vault maps discovered:
D:1:      dpeg_arrival_fog, layout_basic
D:2:      layout_loops_corners, hangedman_abyss_or_decor_stabs,
          minmay_tetromino_s4

Skill      XL: |  1  2 |
---------------+-------+-----
Fighting       | 4 |  4.2
Armour         | 4 |  4.4
Long Blades    | 3 |  3.9
Shields        | 4 |  4.2
Maces & Flails | |  0.1
Dodging        | |  0.7

Action                     |  1- 3 |  4- 6 || total
---------------------------+-------+-------++-------
  Melee: Long sword        |    92 |       ||    92
         Headbutt          |    13 |     1 ||    14
         Whip              |       |     9 ||     9
    Use: Potion            |     3 |       ||     3
         Scroll            |       |     8 ||     8
 Armour: Scale mail        |    36 |     2 ||    38
  Dodge: Dodged            |    47 |     3 ||    50
  Block: Buckler           |    22 |     1 ||    23
